 Dungeon Sprint DCSS version 0.28-a0-390-gb254ac4902 (webtiles) character file.

Game seed: 8965599586834716790

992 Zeld the Transmogrifier (level 8, -3/55 (72) HPs)
             Began as a Merfolk Transmuter on Sept 3, 2021.
             Was an Initiate of Gozag.
             Slain by a wight (7 damage)
             ... in the Dungeon (Sprint VII: "The Pits").
             The game lasted 00:02:48 (1889 turns).

Zeld the Transmogrifier (Merfolk Transmuter)        Turns: 1889, Time: 00:02:48

HP:   -3/55 (72)    AC:  2    Str: 13    XL:     8   Next: 18%
MP:   11/20         EV: 16    Int: 12    God:    Gozag
Gold: 328           SH:  0    Dex: 14    Spells: 13/23 levels left

rFire   . . .      SeeInvis .     - Unarmed
rCold   . . .      Faith    .   (no shield)
rNeg    . . .      Spirit   .   a - +0 robe
rPois   .          Reflect  .   (helmet currently unavailable)
rElec   .          Harm     .   (no cloak)
rCorr   .          Rampage  .   (no gloves)
Will    .....      NoTele   +   (boots currently unavailable)
Stlth   +.........              (no amulet)
HPRegen 0.18/turn               (no ring)
MPRegen 0.17/turn               (no ring)

@: appendages, wereblooded (expiring), heavily drained
A: horns 2, (nimble swimmer 2), mertail
a: End Transformation, Renounce Religion, Potion Petition, Call Merchant, Bribe
Branch


You were in the Dungeon.
You worshipped Gozag.
Gozag was aware of your devotion.
You had temporarily grown beastly horns.
You visited 1 branch You collected 1107 gold pieces.
You spent 60 gold pieces at shops.
You paid 719 gold pieces to Gozag.

Inventory:

Armour
 a - a +0 robe (worn)
Scrolls
 g - a scroll of blinking
 i - 5 scrolls of amnesia
Potions
 b - 6 potions of curing
 d - a potion of haste
 e - 4 potions of magic
 f - 3 potions of berserk rage
 h - 2 potions of invisibility


   Skills:
 * Level 9.7 Fighting
 + Level 8.4 Dodging
 + Level 7.5 Unarmed Combat
 * Level 8.3 Spellcasting
 * Level 11.6 Transmutations


You had 13 spell levels left.
You knew the following spells:

 Your Spells              Type           Power      Damage    Failure   Level
a - Beastly Appendage     Tmut           64%        N/A       1%          1
b - Wereblood             Tmut           32%        N/A       1%          2
c - Spider Form           Tmut/Pois      9%         N/A       4%          3
d - Ice Form              Ice/Tmut       18%        N/A       13%         4

Your spell library contained the following spells:

 Spells                   Type           Power      Damage    Failure   Level


Dungeon Overview and Level Annotations

Branches:
Dungeon (1/1)

Altars:
Ashenzari
Cheibriados
Dithmenos
Elyvilon
Fedhas
Gozag
Hepliaklqana
Kikubaaqudgha
Makhleb
Nemelex Xobeh
Okawaru
Qazlal
Ru
Sif Muna
Trog
Uskayaw
Vehumet
Wu Jian
Xom
Yredelemnul
Zin
The Shining One
Beogh
Jiyva
Lugonu

Shops:
D !


Innate Abilities, Weirdness & Mutations

You have temporarily grown beastly horns.
((You are quick and stealthy near water. (Stealth+, EV+, Speed+++)))
Your lower body shifts to a powerful aquatic tail in water.


Message History

There is an open door, spattered with blood here.
You see here a +0 club.
You howl as the wereblood boils in your veins!
You close the door, pushing everything out of the way.
Something unseen opens the door.
As you close the door, it creaks loudly!
Something unseen opens the door.
You aren't carrying any items that you can evoke.
As you read the scroll of summoning, it crumbles to dust.
Wisps of shadow whirl around you...
Your primal bloodlust is almost over.
The wight completely misses you.
Unknown command.
What are your orders? t - Howl!
Orders for allies: a - Attack new target. r - Retreat! s - Stop attacking. g - Guard the area. f - Follow me.
Anything else - Cancel.
Gang up on whom?
Press: ? - help, Dir - move target, f - wight
Aim: a wight, wielding a +3 spear and wearing a +0 robe (ally target) Attack!
The wight hits you from afar with a +3 spear.
* * * LOW HITPOINT WARNING * * *
You feel drained.
* * * LOW HITPOINT WARNING * * *
Your small abomination hits the wight!
You howl as the wereblood boils in your veins!
Your small abomination barely misses the wight.
The wight hits your small abomination with a +3 spear!
The wight hits your small abomination with a +1 dagger.
Your small abomination closely misses the wight.
Your small abomination hits the wight!
Something hits your small abomination.
The wight barely misses your small abomination.
Something closely misses your small abomination.
Something misses your small abomination.
The wight hits you from afar with a +0 halberd!
You die...
Your body crumbles into a pile of gold.

#.#..#..#))##......
#.#..#..#..##......
#.##'#).#'###...<..
#.#........##......
#∩#...)....##......
#'###########......
#.......#.. #######
#.xx#...#z#
#.@.#.zz#z#
#.##z##.#$#
#...#...#z+
#...#...#'#
#.......'.#
###########


You could see a wight and 2 friendly small abominations.

Vanquished Creatures
  A manticore (D)
  A flying skull (D)
  A water moccasin (D)
  2 floating eyes (D)
  A wight (D)
  An orc priest (D)
  An iguana (D)
  Jessica (D)
  2 gnolls (D)
  An adder (D)
  A river rat (D)
  5 orcs (D)
  A bat (D)
  An endoplasm (D)
  A ball python (D)
  A kobold (D)
22 creatures vanquished.

Notes
Turn   | Place    | Note
-------+----------+-------------------------------------------
     0 | D        | Zeld the Merfolk Transmuter began the quest for the Orb.
     0 | D        | Reached XP level 1. HP: 15/15 MP: 3/3
     8 | D        | Noticed a floating eye
    11 | D        | Paralysed by a floating eye for 3 turns
    19 | D        | Killed a floating eye
    20 | D        | Reached skill level 6 in Transmutations
    20 | D        | Reached XP level 2. HP: 26/26 MP: 2/7
    20 | D        | Reached XP level 3. HP: 32/32 MP: 2/8
    20 | D        | Reached XP level 4. HP: 38/38 MP: 2/10
    23 | D        | Learned a level 2 spell: Wereblood
    27 | D        | Learned a level 3 spell: Spider Form
    32 | D        | Learned a level 4 spell: Ice Form
   242 | D        | Found a bloodstained altar of Trog.
   242 | D        | Found a shimmering blue altar of Sif Muna.
   242 | D        | Found a viscous altar of Jiyva.
   242 | D        | Found a hazy altar of Hepliaklqana.
   242 | D        | Found an opulent altar of Gozag.
   243 | D        | Found a glowing golden altar of the Shining One.
   243 | D        | Found a glowing silver altar of Zin.
   243 | D        | Found a basalt altar of Yredelemnul.
   243 | D        | Found a shimmering altar of Xom.
   243 | D        | Found an ornate altar of the Wu Jian Council.
   243 | D        | Found a sacrificial altar of Ru.
   243 | D        | Found a stormy altar of Qazlal.
   243 | D        | Found an iron altar of Okawaru.
   243 | D        | Found a sparkling altar of Nemelex Xobeh.
   243 | D        | Found a burning altar of Makhleb.
   243 | D        | Found a blossoming altar of Fedhas.
   243 | D        | Found a white marble altar of Elyvilon.
   243 | D        | Found a shadowy altar of Dithmenos.
   243 | D        | Found a snail-covered altar of Cheibriados.
   246 | D        | Found a corrupted altar of Lugonu.
   246 | D        | Found a radiant altar of Vehumet.
   247 | D        | Found an ancient bone altar of Kikubaaqudgha.
   247 | D        | Found a hide-covered altar of Uskayaw.
   247 | D        | Found a broken altar of Ashenzari.
   256 | D        | Became a worshipper of Gozag Ym Sagoz the Greedy
   286 | D        | Noticed a floating eye
   292 | D        | Paralysed by a floating eye for 4 turns
   296 | D        | Killed a floating eye
   297 | D        | Reached skill level 5 in Dodging
   297 | D        | Reached skill level 5 in Unarmed Combat
   297 | D        | Reached skill level 5 in Spellcasting
   297 | D        | Reached skill level 8 in Transmutations
   297 | D        | Reached XP level 5. HP: 47/47 MP: 10/13
   549 | D        | Reached XP level 6. HP: 40/53 MP: 4/14
   627 | D        | Noticed Jessica
   638 | D        | Killed Jessica
  1009 | D        | Noticed a water moccasin
  1025 | D        | Killed a water moccasin
  1026 | D        | Reached skill level 9 in Transmutations
  1041 | D        | Noticed a flying skull
  1053 | D        | Killed a flying skull
  1054 | D        | Reached skill level 10 in Transmutations
  1054 | D        | Reached XP level 7. HP: 49/63 MP: 7/17
  1166 | D        | Bought a potion of heal wounds for 60 gold pieces
  1204 | D        | Noticed a manticore
  1564 | D        | Killed a manticore
  1565 | D        | Reached skill level 11 in Transmutations
  1565 | D        | Reached XP level 8. HP: 21/72 MP: 17/20
  1860 | D        | HP: 2/66 [wight (7)]
  1889 | D        | Slain by a wight

Illustrated notes

Levels and vault maps discovered:
D:        pitsprint [storerooms_1, entrance_room_1, metal_vault_4, armoury_3,
          mini_pit_1, grid_room_1, main_hall_1, silver_pit, the_coven_1,
          the_vestibule_1, steel_vault_3, golden_pit, hallway_of_sentries,
          crystal_vault_3, iron_vault_2, final_vault]

Skill      XL: |  1  2  3  4  5  6  7 |
---------------+----------------------+-----
Fighting       | 4 6 8 9 |  9.7
Dodging        | 4 5 7 8 |  8.4
Unarmed Combat | 4 5 6 7 |  7.5
Spellcasting   | 4 5 7 8 |  8.3
Transmutations | 6 8 10 11 | 11.6

Action                   |  1- 3 |  4- 6 |  7- 9 || total
-------------------------+-------+-------+-------++-------
Melee: Unarmed           |     6 |    43 |    37 ||    86
       Headbutt          |     1 |     1 |     2 ||     4
       Punch             |       |     1 |     1 ||     2
 Cast: Beastly Appendage |     1 |     6 |     6 ||    13
       Spider Form       |       |     7 |     6 ||    13
       Ice Form          |       |     2 |       ||     2
       Wereblood         |       |     1 |     1 ||     2
Invok: Call Merchant     |       |       |     1 ||     1
  Use: Potion            |       |       |     7 ||     7
       Scroll            |       |       |     1 ||     1
 Stab: Sleeping          |       |     1 |       ||     1
       Distracted        |       |     1 |       ||     1
Armor: Skin              |       |     6 |       ||     6
Dodge: Dodged            |       |    47 |    52 ||    99

Table legend: (Time is in decaauts)
 A = Elapsed time spent in this place.
 B = Non-inter-level travel time spent in this place.
 C = Inter-level travel time spent in this place.
 D = Time resting spent in this place.
 E = Time spent auto-exploring this place.
 F = Levels seen in this place.
 G = Mean time per level.
                   A        B        C        D        E       F      G
               +--------+--------+--------+--------+--------+-----+--------+
         Total |   1878 |   1857 |     21 |   1532 |     33 |   1 | 1878.0 |
       Dungeon |   1878 |   1857 |     21 |   1532 |     33 |   1 | 1878.0 |
               +--------+--------+--------+--------+--------+-----+--------+

Top non-repeatable levels by time:
       D: 1878 daAuts
